 Dungeon Crawl Stone Soup version 0.29.0-15-g675c0067aa (webtiles) character file.

Game seed: 5612818318785765714

175 qw the Chopper (level 5, 0/32 HPs)
             Began as a Gargoyle Fighter on Sept 12, 2022.
             Killed by divine providence
             ... invoked by an orc priest
              (11 damage)
             ... on level 3 of the Dungeon.
             The game lasted 00:00:51 (2312 turns).

qw the Chopper (Gargoyle Fighter)                   Turns: 2312, Time: 00:00:51

Health: 0/32       AC: 13    Str: 22    XL:     5   Next: 55%
Magic:  5/5        EV:  7    Int:  8    God:
Gold:   191        SH:  4    Dex:  9    Spells: 4/4 levels left

rFire   . . .      SeeInvis +   Y - +0 war axe
rCold   . . .      Faith    .   c - +0 buckler
rNeg    + . .      Spirit   .   e - +0 chain mail
rPois   inf        Reflect  .   (no helmet)
rElec   +          Harm     .   (no cloak)
rCorr   .          Rampage  .   (no gloves)
Will    .....                   (no boots)
Stlth   ..........              (no amulet)
HPRegen 0.10/turn               f - ring of see invisible
MPRegen 0.09/turn               (no ring)

@: no status effects
A: sickness immunity, AC +4, negative energy resistance 1, electricity
resistance, torment resistance 1, petrification resistance
a: no special abilities


You were on level 3 of the Dungeon.
You visited 1 branch of the dungeon, and saw 3 of its levels.

You collected 191 gold pieces.


Innate Abilities, Weirdness & Mutations

You are immune to sickness and miasma.
Your stone body is resilient. (AC +4)
You are immune to poison.
You resist negative energy. (rN+)
You are resistant to electric shocks. (rElec)
You are resistant to unholy torment.
You are immune to petrification.


   Skills:
 - Level 3.2 Fighting
 + Level 4.8 Axes
 - Level 1.3 Throwing
 - Level 3.2 Armour
 - Level 3.2 Shields


You had 4 spell levels left.
You didn't know any spells.
Your spell library was empty.

Inventory:

Hand Weapons
 a - a +0 flail
 Y - a +0 war axe (weapon)
Armour
 c - a +0 buckler (worn)
 e - a +0 chain mail (worn)
Jewellery
 f - a ring of see invisible (left hand)
Scrolls
 g - a scroll of magic mapping {unknown}
 i - a scroll of identify
Potions
 b - a potion of ambrosia {unknown}
 d - 2 potions of might

Dungeon Overview and Level Annotations

Branches:
Dungeon (3/15)

Altars:
Gozag

Shops:
D:1 =


Message History

The bat hits you but does no damage.
The orc priest hits you but does no damage.
The orc wizard hits you with a +0 dagger.
The bat closely misses you.
The orc wizard hits you with a +0 dagger.
You barely miss the orc wizard.
The orc wizard is heavily wounded.
You feel less confused. The bat closely misses you.
The orc priest hits you but does no damage.
You closely miss the orc wizard.
The orc wizard is heavily wounded.
You closely miss the orc. The bat hits you but does no damage.
You block the orc's attack. The orc priest barely misses you.
The orc wizard hits you but does no damage. x2
The orc priest hits you from afar with a +0 trident.
You barely miss the bat.
The bat is severely wounded.
You barely miss the orc. You barely miss the orc wizard.
The bat hits you but does no damage.
The orc priest hits you but does no damage.
The orc wizard hits you but does no damage.
The orc barely misses you.
You miss the bat.
The bat is severely wounded.
You hit the orc. You hit the orc wizard.
You kill the orc wizard!
The bat hits you but does no damage. The orc hits you but does no damage.
The orc priest barely misses you.
You closely miss the bat.
The bat is severely wounded.
You closely miss the orc.
The bat hits you but does no damage. x2; You block the orc priest's attack.
You slash the orc!
You kill the orc!
You block the bat's attack.
The orc priest mumbles some strange prayers to Beogh against you.
Beogh smites you!
You die...

#....# #....#
#####....#
.<......####
#.........
#.......##
#..)o)...# #
#######b)....#
.###.....@).....#
....#####....(.#.. #
##...## #$...(....
#.#...#.###..#####..
...>.........# .
#.#...#.###.## #
#...........# #
.........#### #
########.#


You could see an orc priest and a bat.

Vanquished Creatures
  An orc wizard (D:3)
  4 gnolls (D:2)
  3 adders
  3 worms
  A dart slug (D:1)
  7 orcs (D:3)
  5 bats
  3 endoplasms
  5 giant cockroaches
  6 goblins (D:2)
  4 hobgoblins
  8 jackals
  2 quokkas
  6 ball pythons
  4 frilled lizards
  6 kobolds
  2 rats
70 creatures vanquished.

Notes
Turn   | Place    | Note
-------+----------+-------------------------------------------
     0 | D:1      | qw the Gargoyle Fighter began the quest for the Orb.
     0 | D:1      | Reached XP level 1. HP: 14/14 MP: 1/1
     0 | D:1      | 0 ||| qw: Version: 0.1-a-119-g272c26d
     0 | D:1      | 0 ||| qw: Game counter: 10872
     0 | D:1      | 0 ||| qw: Always use a shield: true
     0 | D:1      | 0 ||| qw: God list: Okawaru
     0 | D:1      | 0 ||| qw: Allow faded altars: false
     0 | D:1      | 0 ||| qw: Do Orc after D:15 true
     0 | D:1      | 0 ||| qw: Do second Lair branch before Depths: true
     0 | D:1      | 0 ||| qw: Lair rune preference: random
     0 | D:1      | 0 ||| qw: Plans: Normal, Zot, God:TSO, Crypt, Tomb, Pan,
                  | Slime, Hells, Zig, Abyss, Orb
     0 | D:1      | 0 ||| PLANNING D:1-11
    59 | D:1      | Reached skill level 2 in Axes
   195 | D:1      | Reached XP level 2. HP: 19/19 MP: 2/2
   218 | D:1      | 218 ||| Stepping ~*~*~tactically~*~*~ (stealth).
   220 | D:1      | 220 ||| Stepping ~*~*~tactically~*~*~ (stealth).
   592 | D:1      | Found Suqezaul's One-of-a-Kind Rings.
   610 | D:1      | 610 ||| SHOPLISTING +3 ring of protection (210 gold, have
                  | 115).
   610 | D:1      | 610 ||| SHOPLISTING +7 ring of protection (1035 gold, have
                  | 115).
   610 | D:1      | 610 ||| SHOPLISTING +7 ring of strength (450 gold, have
                  | 115).
   610 | D:1      | 610 ||| SHOPLISTING ring "Rissutul" {rElec rF- rCorr Int+2
                  | Slay+3} (438 gold, have 115).
   610 | D:1      | 610 ||| SHOPLISTING ring of Oclur {rC+ Dex+3} (383 gold,
                  | have 115).
   610 | D:1      | 610 ||| SHOPLISTING ring of Oqecs {Fly rPois rC- rN+
                  | Stlth+} (291 gold, have 115).
   641 | D:1      | Reached skill level 3 in Axes
   796 | D:1      | 796 ||| READING scroll labelled LOEFRI HEDAJY.
   797 | D:1      | 797 ||| READING scroll labelled HESSUASMYL.
   798 | D:1      | 798 ||| READING 2 scrolls labelled XUTHRU XUEMAUNEPIPH.
   799 | D:1      | 799 ||| READING 2 scrolls labelled NIGRIR DUTUO.
   800 | D:1      | 800 ||| READING scroll labelled YDYNYA LUABIYTH.
   801 | D:1      | 801 ||| DROPPING scroll of fear.
   816 | D:2      | Reached XP level 3. HP: 23/23 MP: 3/3
   831 | D:2      | 831 ||| Stepping ~*~*~tactically~*~*~ (stealth).
   870 | D:2      | Reached skill level 1 in Throwing
   878 | D:2      | Found an opulent altar of Gozag.
   884 | D:2      | Reached XP level 4. HP: 16/28 MP: 4/4
  1094 | D:2      | 1094 ||| DROPPING +0 club.
  1239 | D:2      | Found a faded altar of an unknown god.
  1350 | D:2      | 1350 ||| Stepping ~*~*~tactically~*~*~ (stealth).
  1668 | D:2      | Reached skill level 4 in Axes
  1993 | D:2      | 1993 ||| UPGRADING to +0 chain mail.
  2003 | D:2      | 2003 ||| DROPPING +0 scale mail.
  2004 | D:2      | 2004 ||| UPGRADING to ring of see invisible.
  2039 | D:3      | 2039 ||| PLANNING SEWER
  2057 | D:3      | 2057 ||| Stepping ~*~*~tactically~*~*~ (stealth).
  2070 | D:3      | Reached XP level 5. HP: 32/32 MP: 5/5
  2071 | D:3      | 2071 ||| Stepping ~*~*~tactically~*~*~ (stealth).
  2073 | D:3      | 2073 ||| Stepping ~*~*~tactically~*~*~ (stealth).
  2099 | D:3      | 2099 ||| Stepping ~*~*~tactically~*~*~ (stealth).
  2241 | D:3      | 2241 ||| Stepping ~*~*~tactically~*~*~ (stealth).
  2312 | D:3      | Killed from afar by an orc priest

Levels and vault maps discovered:
D:1:      mainiacjoe_arrival_reflecting_pool, layout_basic,
          nicolae_shop_unique_rings, kennysheep_doodads
D:2:      layout_loops_ring, hellmonk_ecumenical_altar_inner_sanctum,
          basic_altar, minmay_pentomino_p4
D:3:      layout_loops_ring, cheibrodos_sewer_entry_bend, minmay_joined_circles

Skill      XL: |  1  2  3  4 |
---------------+-------------+-----
Axes           | 2 3 4 |  4.8
Throwing       | 1 |  1.3
Fighting       | |  3.2
Armour         | |  3.2
Shields        | |  3.2

Action                   |  1- 3 |  4- 6 || total
-------------------------+-------+-------++-------
Melee: War axe           |    65 |   115 ||   180
Throw: Javelin           |    12 |    25 ||    37
  Use: Scroll            |     5 |       ||     5
Armor: Scale mail        |    44 |    37 ||    81
       Chain mail        |       |    44 ||    44
Dodge: Dodged            |    46 |    44 ||    90
Block: Buckler           |    17 |    19 ||    36

Table legend:
 A = Non-vault XP
 B = Vault XP
 C = Vault XP percentage of total XP
 D = Non-vault monster count
 E = Vault monster count
 F = Vault count percentage of total count
                 A         B        C        D         E       F
            +---------+---------+-------+---------+---------+-------
      Total |     252 |       2 |   0.8 |      69 |       1 |   1.4
            +---------+---------+-------+---------+---------+-------
        D:1 |      32 |       0 |   0.0 |      19 |       0 |   0.0
        D:2 |     122 |       2 |   1.6 |      33 |       1 |   2.9
        D:3 |      98 |       0 |   0.0 |      17 |       0 |   0.0
            +---------+---------+-------+---------+---------+-------
